 Dungeon Crawl Stone Soup version 0.26-a0-812-g31a745ddcd (webtiles) character file.

Game seed: 15072762432557898488

239 tilp the Grave Robber (level 6, -1/28 HPs)
             Began as a Vine Stalker Necromancer on Nov 30, 2020.
             Killed from afar by Natasha (3 damage)
             ... with a magic dart
             ... on level 4 of the Dungeon.
             The game lasted 00:08:21 (4895 turns).

tilp the Grave Robber (Vine Stalker Necromancer)    Turns: 4895, Time: 00:08:22

Health: -1/28      AC:  3    Str: 11    XL:     6   Next: 7%
Magic:  0/13       EV: 11    Int: 17    God:
Gold:   215        SH:  0    Dex: 14    Spells: 4/13 levels left

rFire    . . .     SeeInvis .   a - +0 dagger
rCold    . . .     Faith    .   (no shield)
rNeg     . . .     Spirit   +   s - +0 leather armour
rPois    .         Reflect  .   (no helmet)
rElec    .         Harm     .   (no cloak)
rCorr    .         Rampage  .   (no gloves)
MR       .....                  (no boots)
Stlth    ++........             (no amulet)
HPRegen  0.49/turn              (no ring)
MPRegen  0.13/turn              (no ring)

@: no status effects
A: fangs 2, regeneration 1, magic shield, antimagic bite, no potion heal 3, rot
immunity
a: no special abilities


You were on level 4 of the Dungeon.
You visited 1 branch of the dungeon, and saw 4 of its levels.

You collected 215 gold pieces.

Inventory:

Hand Weapons
 a - a +0 dagger (weapon)
Missiles
 h - 16 poisoned darts (quivered)
 j - 134 stones
 o - 5 boomerangs
Armour
 b - a +0 robe
 s - a +0 leather armour (worn)
Jewellery
 k - an uncursed ring of ice {unknown}
 m - an uncursed ring of protection from fire {unknown}
 q - an uncursed ring of protection from cold {unknown}
 r - a +6 ring of strength {unknown}
 z - an uncursed ring of flight {unknown}
Scrolls
 c - 3 scrolls of amnesia
 i - a scroll of immolation {unknown}
 n - 2 scrolls of magic mapping {unknown}
 p - 2 scrolls of fog
 u - 2 scrolls of teleportation {unknown}
 w - a scroll of remove curse {unknown}
 x - a scroll of enchant armour {unknown}
 y - 2 scrolls of identify
Potions
 d - a potion of haste
 e - a potion of degeneration
 f - 2 potions of magic
 g - 2 potions of curing {unknown}
 l - a potion of resistance {unknown}
 t - a potion of invisibility {unknown}
 v - 2 potions of flight {unknown}


   Skills:
 - Level 1.5 Dodging
 - Level 4.0 Stealth
 - Level 4.0 Spellcasting
 + Level 5.7 Necromancy


You had 4 spell levels left.
You knew the following spells:

 Your Spells              Type           Power        Failure   Level
a - Pain                  Necr           ###.         1%          1
b - Animate Skeleton      Necr           ###...       1%          1
c - Vampiric Draining     Necr           ###.......   6%          3
d - Animate Dead          Necr           ###.......   19%         4

Your spell library contained the following spells:

 Spells                   Type           Power        Failure   Level
 Agony                    Necr           ###.....     47%         5


Dungeon Overview and Level Annotations

Branches:
Dungeon (4/15)
 Temple: D:4-7

Altars:
Elyvilon
Okawaru
Qazlal

Annotations:
D:3 1 runed translucent door, Crazy Yiuf
D:4 exclusion: ogre, Menkaure, Natasha


Innate Abilities, Weirdness & Mutations

You have extremely sharp teeth.
Your natural rate of healing is unusually fast.
When hurt, damage is shared between your health and your magic reserves.
Your bite disrupts and absorbs the magic of your enemies.
Potions cannot restore your health.
You are immune to rotting.


Message History

You hit Natasha but do no damage.
Natasha is moderately wounded.
The white imp gestures at you. The puff of frost hits you! Natasha misses you.
You closely miss Natasha.
Natasha is moderately wounded.
The white imp barely misses you. The white imp hits you.
The white imp freezes you. Natasha closely misses you.
You closely miss Natasha.
Natasha is moderately wounded.
The white imp hits you.
* * * LOW HITPOINT WARNING * * *
The white imp freezes you.
* * * LOW HITPOINT WARNING * * *
The white imp gestures at you. The puff of frost hits you!
* * * LOW HITPOINT WARNING * * *
Natasha casts a spell at you. The magic dart hits you.
You die...

........####.)...##
................##
#########.#####.###
.......†..........
#######.##.###.#####..##
......#.#......#<.......
...............#####....
.$....h55......# #......
.......@.#.###.###......
#........#.# #.#........
#........#.# #.#.#...♣..
#........#.# #.#....♣.♣.
#........#.# .#...♣.♣.♣
#####+#.##.# #..♣.♣.♣.
#.##.. #†♣.♣._.♣ #.####
#..♣.♣.♣. #.#
########...♣.♣.♣


You could see Natasha and 2 white imps.

Vanquished Creatures
  2 orc wizards (D:3)
  Jessica (D:3)
  7 adders
  2 worms
  4 dart slugs
  2 leopard geckos
  4 orcs
  3 ball pythons
  5 bats
  3 giant cockroaches
  8 goblins
  8 hobgoblins
  4 jackals (D:2)
  5 kobolds
  3 quokkas
  3 frilled lizards
  7 rats
71 creatures vanquished.

Vanquished Creatures (collateral kills)
  A worm (D:2)
  A goblin (D:2)
2 creatures vanquished.

Grand Total: 73 creatures vanquished

Notes
Turn   | Place    | Note
-------+----------+-------------------------------------------
     0 | D:1      | tilp the Vine Stalker Necromancer began the quest for the
                  | Orb.
     0 | D:1      | Reached XP level 1. HP: 9/9 MP: 4/4
   627 | D:1      | Reached XP level 2. HP: 13/13 MP: 6/6
   630 | D:1      | Learned a level 1 spell: Animate Skeleton
  1597 | D:2      | Reached XP level 3. HP: 2/16 MP: 1/7
  2718 | D:2      | Gained mutation: Your natural rate of healing is unusually
                  | fast. [Vine Stalker growth]
  2718 | D:2      | Reached XP level 4. HP: 10/21 MP: 4/9
  2803 | D:2      | Noticed a fire elemental
  2910 | D:2      | Noticed an earth elemental
  2913 | D:2      | Found a white marble altar of Elyvilon.
  2914 | D:2      | Noticed a water elemental
  2922 | D:2      | Found a stormy altar of Qazlal.
  2979 | D:2      | Noticed an air elemental
  3092 | D:2      | Learned a level 3 spell: Vampiric Draining
  3097 | D:2      | Learned a level 4 spell: Animate Dead
  3488 | D:3      | Reached XP level 5. HP: 13/24 MP: 2/11
  3665 | D:3      | Reached skill level 5 in Necromancy
  3808 | D:3      | Noticed Jessica
  3814 | D:3      | Killed Jessica
  4421 | D:3      | Found a runed translucent door.
  4422 | D:3      | Noticed Crazy Yiuf
  4573 | D:4      | Noticed an ogre
  4688 | D:4      | Found an iron altar of Okawaru.
  4699 | D:4      | Reached XP level 6. HP: 26/28 MP: 9/13
  4815 | D:4      | Noticed Menkaure
  4886 | D:4      | Noticed Natasha
  4895 | D:4      | Killed from afar by Natasha

Illustrated notes

Levels and vault maps discovered:
D:1:      psy_arrival_radial02, layout_basic
D:2:      layout_rooms, lemuel_round_altar, nicolae_qazlal_style_of_elements
D:3:      layout_loops_corners, uniq_jessica, uniq_crazy_yiuf_cottage
D:4:      layout_basic, kennysheep_mini_moat, okawaru_trees_2, uniq_sigmund,
          uniq_menkaure, uniq_natasha

Skill      XL: |  1  2  3  4  5 |
---------------+----------------+-----
Stealth        | 3 4 |  4.0
Spellcasting   | 3 4 |  4.0
Necromancy     | 5 |  5.7
Dodging        | |  1.5

Action                   |  1- 3 |  4- 6 || total
-------------------------+-------+-------++-------
Melee: Club              |     1 |       ||     1
       Dagger            |    22 |   123 ||   145
       Bite              |     6 |    25 ||    31
       Whip              |     6 |       ||     6
Throw: Dart              |    10 |     7 ||    17
 Cast: Pain              |    58 |    51 ||   109
       Animate Skeleton  |     1 |     1 ||     2
  Use: Scroll            |     1 |     4 ||     5
 Stab: Distracted        |     1 |       ||     1
       Sleeping          |       |     5 ||     5
Armor: Robe              |     5 |     8 ||    13
       Leather armour    |       |    22 ||    22
Dodge: Dodged            |    30 |    89 ||   119

Table legend: (Time is in decaauts)
 A = Elapsed time spent in this place.
 B = Non-inter-level travel time spent in this place.
 C = Inter-level travel time spent in this place.
 D = Time resting spent in this place.
 E = Time spent auto-exploring this place.
 F = Levels seen in this place.
 G = Mean time per level.
                   A        B        C        D        E       F      G
               +--------+--------+--------+--------+--------+-----+--------+
         Total |   4898 |   4712 |    186 |   1558 |   2476 |   4 | 1224.5 |
       Dungeon |   4898 |   4712 |    186 |   1558 |   2476 |   4 | 1224.5 |
               +--------+--------+--------+--------+--------+-----+--------+

Top non-repeatable levels by time:
     D:1: 2168 daAuts
     D:3: 1349 daAuts
     D:2: 1066 daAuts
     D:4: 315 daAuts
